 Dungeon Crawl Stone Soup version 0.29-a0-512-gf59ac788ac (webtiles) character file.

Game seed: 9006846160782885437

7158 benadryl the Grappler (level 10, -5/91 HPs)
             Began as a Troll Transmuter on May 29, 2022.
             Was an Elder of Hepliaklqana.
             Slain by a troll (7 damage)
             ... on level 10 of the Dungeon.
             The game lasted 00:15:45 (9050 turns).

benadryl the Grappler (Troll Transmuter)            Turns: 9050, Time: 00:15:45

Health: -5/91      AC:  9    Str: 30    XL:     10   Next: 86%
Magic:  12/13      EV:  9    Int:  9    God:    Hepliaklqana [****..]
Gold:   552        SH:  0    Dex: 10    Spells: 10/11 levels left

rFire   . . .      SeeInvis .     - Unarmed
rCold   . . .      Faith    .   (no shield)
rNeg    . . .      Spirit   .   B - +0 swamp dragon scales
rPois   +          Reflect  .   (helmet currently unavailable)
rElec   .          Harm     .   (no cloak)
rCorr   .          Rampage  .   (gloves unavailable)
Will    .....                   (boots unavailable)
Stlth   ..........              (no amulet)
HPRegen 1.05/turn               g - +4 ring of slaying
MPRegen 0.13/turn               u - +6 ring of strength

@: appendages (expiring), slowed, very slow
A: horns 2, talons 2, reduced essence, large, unfitting armour, claws 3,
regeneration 1, shaggy fur 1, tough skin 1
a: End Transformation, Renounce Religion, Recall Ancestor, Ancestor Identity,
Transference, Idealise


You were on level 10 of the Dungeon.
You worshipped Hepliaklqana.
Hepliaklqana was greatly pleased with you.
You had temporarily grown beastly horns and talons.
You visited 1 branch of the dungeon, and saw 11 of its levels.

You collected 552 gold pieces.

Inventory:

Hand Weapons
 a - a +2 triple crossbow of flaming
 k - a +1 spear of freezing
Missiles
 p - 40 poisoned darts (quivered)
Armour
 q - a +0 robe
 x - +0 acid dragon scales
 B - +0 swamp dragon scales (worn)
Jewellery
 g - a +4 ring of slaying (left claw)
 n - a +6 ring of strength
 u - a +6 ring of strength (right claw)
Wands
 t - a wand of iceblast (5)
Scrolls
 c - 4 scrolls of identify {@r1}
 d - 2 scrolls of fear
 e - 2 scrolls of immolation
 o - 2 scrolls of teleportation
 A - a scroll of poison
Potions
 b - a potion of lignification
 f - 6 potions of curing {@q1}
 h - 5 potions of brilliance
 i - 2 potions of magic
 j - 5 potions of attraction
 l - 3 potions of might
 m - 5 potions of flight
 r - 6 potions of heal wounds
 s - a potion of invisibility
 v - 2 potions of cancellation
 w - 2 potions of mutation {unknown}
 z - a potion of ambrosia {unknown}


   Skills:
 + Level 7.4 Fighting
 - Level 1.5 Dodging
 * Level 12.9 Unarmed Combat
 - Level 1.2 Spellcasting
 - Level 1.3 Transmutations
 + Level 6.0 Invocations


You had 10 spell levels left.
You knew the following spells:

 Your Spells              Type           Power      Damage    Failure   Level
a - Beastly Appendage     Tmut           6%         N/A       30%         1

Your spell library contained the following spells:

 Spells                   Type           Power      Damage    Failure   Level
 Wereblood                Tmut           3%         N/A       41%         2
 Blink                    Tloc           0%         N/A       63%         2
 Ensorcelled Hibernation  Hex/Ice        0%         N/A       63%         2
 Poisonous Vapours        Pois/Air       0%         N/A       63%         2
 Spider Form              Tmut/Pois      1%         N/A       75%         3
 Lesser Beckoning         Tloc           0%         N/A       85%         3
 Ice Form                 Ice/Tmut       1%         N/A       98%         4
 Anguish                  Hex/Necr       0%         N/A       99%         4
 Corpse Rot               Necr/Pois/Air  0%         N/A       99%         4
 Olgreb's Toxic Radiance  Pois           0%         N/A       99%         4
 Manifold Assault         Tloc           0%         N/A       100%        5
 Ozocubu's Refrigeration  Ice            0%         4d5       100%        7
 Ignition                 Fire           0%         3d3       100%        8


Dungeon Overview and Level Annotations

Branches:
Dungeon (11/15)            Temple (0/1) D:5            Lair (0/6) D:10
    Orc: D:9-12

Altars:
Hepliaklqana
Okawaru
Uskayaw

Shops:
D:6 (   D:10 =


Innate Abilities, Weirdness & Mutations

You have temporarily grown beastly horns and talons.
Your life essence is reduced to manifest your ancestor. (-10% HP)
You are too large for most types of armour.
You have claws for hands.
Your natural rate of healing is unusually fast.
You are covered in fur. (AC +1)
You have tough skin. (AC +1)


Message History

The wraith drains your vigour!
You feel as though you will be slow longer.
You barely miss the wraith.
The wraith is almost destroyed.
Inhapi hits the wraith but does no damage.
The troll bites you!
The troll claws you. x2; The wraith barely misses you.
Inhapi misses the wraith.
You mangle the wraith!!
You destroy the wraith!
The troll barely misses you. x2; The troll claws you.
Inhapi completely misses the troll.
Your Invocations skill increases to level 6!
You scratch the troll.
The troll is lightly wounded.
The troll bites you. The troll closely misses you.
The troll claws you but does no damage. The troll barely misses you.
The troll claws you but does no damage. The troll claws you.
Inhapi closely misses the troll.
Casting: Beastly Appendage (safe; 30% risk of failure)
Confirm with . or Enter, or press ? or * to list all spells.
You grow a pair of large bovine horns.
Your feet morph into talons.
The troll bites you. The troll claws you. The troll claws you!
The troll bites you! The troll claws you.
* * * LOW HITPOINT WARNING * * *
The troll claws you.
* * * LOW HITPOINT WARNING * * *
Inhapi hits the troll with a +0 flail!
Your transformation is almost over.
The troll bites you but does no damage. The troll claws you!
* * * LOW HITPOINT WARNING * * *
The troll barely misses you. The troll closely misses you. The troll claws you.
* * * LOW HITPOINT WARNING * * *
The troll closely misses you.
Inhapi hits the troll with a +0 flail.
The troll bites you.
* * * LOW HITPOINT WARNING * * *
The troll claws you.
* * * LOW HITPOINT WARNING * * *
The troll claws you but does no damage. The troll completely misses you.
The troll claws you!
You die...

#...# ##.#.# #.......#
...#.####### #.......##
............
##.........
.###.######. ..........
####.####### #.......#
#.§....§...# .......#
#§§§.......# ##RT..#
#§§§§......## #.@T..#
#§§.§......#>##.#####
#§§........#...##...##
#§§........##.##.....##
.§.......<.##.#.......#
......<....##.#...∩...#
#.......... #.#.......#
#### #.........
#.##.....## #...
######### #.###...##
#...


You could see the friendly Inhapi the knight and 2 trolls.

Vanquished Creatures
  Maggie (D:10)
  A wraith (D:10)
  A shadow (D:9)
  A wyvern (D:9)
  9 yaks
  A steam dragon (D:7)
  3 vampire mosquitoes (D:10)
  Edmund (D:4)
  2 sky beasts
  4 ice beasts
  3 orc warriors
  An ogre (D:5)
  6 centaurs
  2 kobold brigands
  3 bullfrogs
  A gnoll sergeant (D:8)
  2 scorpions
  12 wights
  Dowan (D:5)
  5 killer bees (D:8)
  3 howler monkeys
  3 hounds
  A jelly (D:6)
  An orc priest (D:9)
  5 orc wizards
  6 iguanas
  Natasha (D:2)
  Robin (D:3)
  12 gnolls
  6 adders
  4 shadow imps
  A white imp (D:5)
  3 worms
  3 dart slugs
  14 orcs
  7 endoplasms
  2 giant cockroaches
  13 goblins
  5 hobgoblins
  4 jackals (D:1)
  21 kobolds
  7 quokkas
  4 ball pythons
  2 bats
  3 frilled lizards (D:1)
  3 rats
195 creatures vanquished.

Vanquished Creatures (collateral kills)
  A vampire mosquito (D:10)
  An acid dragon (D:10)
  Duvessa (D:5)
  A black bear (D:6)
  A centaur (D:6)
  A kobold brigand (D:8)
  A wight (D:9)
  A jelly (D:5)
  A gnoll shaman (D:7)
  An orc priest (D:8)
  A hound (D:4)
  4 gnolls
  2 adders
  A white imp (D:7)
  A worm (D:5)
  3 orcs (D:4)
  2 goblins
  3 kobolds
  A ball python (D:2)
28 creatures vanquished.

Grand Total: 223 creatures vanquished

Notes
Turn   | Place    | Note
-------+----------+-------------------------------------------
     0 | D:1      | benadryl the Troll Transmuter began the quest for the Orb.
     0 | D:1      | Reached XP level 1. HP: 18/18 MP: 1/1
   123 | D:1      | Reached skill level 1 in Fighting
   235 | D:1      | Reached XP level 2. HP: 27/27 MP: 2/2
   603 | D:1      | Reached XP level 3. HP: 33/33 MP: 3/3
   881 | D:1      | Found a faded altar of an unknown god.
  1013 | D:1      | Prayed at the altar of an unknown god.
  1013 | D:1      | Became a worshipper of Hepliaklqana the Forgotten
  1013 | D:1      | Reached * piety under Hepliaklqana
  1270 | D:2      | Found a hide-covered altar of Uskayaw.
  1386 | D:2      | Noticed Natasha
  1389 | D:2      | Killed Natasha
  1390 | D:2      | Reached skill level 4 in Unarmed Combat
  1532 | D:2      | Reached ** piety under Hepliaklqana
  1537 | D:2      | Remembered your ancestor Inhapi as a knight
  1826 | D:3      | Reached XP level 4. HP: 31/37 MP: 4/4
  2256 | D:3      | Noticed Robin
  2286 | D:3      | Killed Robin
  2586 | D:3      | Reached skill level 5 in Unarmed Combat
  2586 | D:3      | Reached XP level 5. HP: 31/44 MP: 5/5
  3048 | D:4      | Found an iron altar of Okawaru.
  3459 | D:4      | Noticed Edmund
  3467 | D:4      | Killed Edmund
  3468 | D:4      | Reached skill level 6 in Unarmed Combat
  3468 | D:4      | Reached XP level 6. HP: 16/54 MP: 4/6
  3783 | D:5      | Entered Level 5 of the Dungeon
  3792 | D:5      | Reached *** piety under Hepliaklqana
  3841 | D:5      | Reached skill level 7 in Unarmed Combat
  3841 | D:5      | Reached XP level 7. HP: 16/60 MP: 7/7
  4043 | D:5      | Noticed Duvessa
  4043 | D:5      | Noticed Dowan
  4051 | D:5      | Killed Duvessa
  4056 | D:5      | Killed Dowan
  4302 | D:5      | Found a staircase to the Ecumenical Temple.
  4317 | D:5      | Reached skill level 8 in Unarmed Combat
  5005 | D:6      | Reached XP level 8. HP: 71/71 MP: 8/8
  5197 | D:6      | Reached **** piety under Hepliaklqana
  5223 | D:6      | Found Jelais's Antique Weapon Emporium.
  5456 | D:6      | Reached skill level 9 in Unarmed Combat
  5805 | D:7      | Reached skill level 1 in Invocations
  5827 | D:7      | Reached skill level 5 in Fighting
  6303 | D:7      | Reached XP level 9. HP: 56/79 MP: 9/9
  6317 | D:7      | Reached skill level 10 in Unarmed Combat
  6852 | D:8      | Reached skill level 11 in Unarmed Combat
  7049 | D:8      | Reached XP level 10. HP: 80/90 MP: 10/12
  7798 | D:9      | Reached skill level 5 in Invocations
  8146 | D:9      | Reached skill level 12 in Unarmed Combat
  8680 | D:10     | Entered Level 10 of the Dungeon
  8692 | D:10     | Noticed Maggie
  8705 | D:10     | Killed Maggie
  8912 | D:10     | Found Otreus's Jewellery Emporium.
  9033 | D:10     | Found a staircase to the Lair.
  9050 | D:10     | HP: 2/91 [troll (5)]
  9050 | D:10     | Slain by a troll

Illustrated notes

Levels and vault maps discovered:
D:1:      dpeg_arrival_rooms_a, layout_loops_corners,
          shapermc_ecumenical_altar_mp_vishouse
D:2:      layout_loops_ring, basic_altar, uniq_natasha
D:3:      layout_loops_corners, uniq_robin
D:4:      layout_loops_cross, mainiacjoe_overflow_24_doors, uniq_edmund
D:5:      dreamdust_elfheim, layout_basic, temple_pool_b, skrybe_limestone_x,
          minmay_crossroads
D:6:      layout_cave_pods, serial_shops, kennysheep_little_box,
          chequers_serial_rivers_room_a
D:7:      layout_gridville
D:8:      layout_loops_ring, lemuel_flame_loot_1
D:9:      layout_basic
D:10:     layout_rooms, lair_entry_dummy, serial_shops, nicolae_lakefront_shop,
          kennysheep_windowed_goal, uniq_maggie
D:11:     layout_loops_ring, erik_orc_4, serial_shops, nicolae_shop_behind_doors

Skill      XL: |  1  2  3  4  5  6  7  8  9 10 |
---------------+-------------------------------+-----
Fighting       | 1 2 3 4 5 6 7 |  7.4
Unarmed Combat | 4 5 6 7 8 9 11 12 | 12.9
Invocations    | 2 4 6 |  6.0
Dodging        | |  1.5
Spellcasting   | |  1.2
Transmutations | |  1.3

Action                   |  1- 3 |  4- 6 |  7- 9 | 10-12 || total
-------------------------+-------+-------+-------+-------++-------
Melee: Unarmed           |    79 |    93 |   151 |    89 ||   412
       Punch             |     1 |       |    11 |     4 ||    16
       Kick              |       |     6 |     8 |     5 ||    19
       Headbutt          |       |     4 |     3 |     4 ||    11
       Spear             |       |     1 |       |       ||     1
 Fire: Triple crossbow   |     7 |       |     3 |       ||    10
Throw: Dart              |       |     6 |     7 |     5 ||    18
 Cast: Beastly Appendage |     1 |     6 |     6 |     4 ||    17
Invok: Ancestor Life: Kn |     1 |       |       |       ||     1
       Recall Ancestor   |       |       |       |     1 ||     1
       Idealise          |       |       |       |     1 ||     1
Evoke: Wand              |       |       |     7 |       ||     7
  Use: Scroll            |       |    11 |     6 |     4 ||    21
 Stab: Sleeping          |       |       |     1 |       ||     1
       Distracted        |       |       |     1 |       ||     1
Armor: Robe              |    27 |    22 |    35 |    14 ||    98
       Swamp dragon scal |       |       |       |    19 ||    19
Dodge: Dodged            |    31 |    48 |    58 |    57 ||   194

Table legend: (Time is in decaauts)
 A = Elapsed time spent in this place.
 B = Non-inter-level travel time spent in this place.
 C = Inter-level travel time spent in this place.
 D = Time resting spent in this place.
 E = Time spent auto-exploring this place.
 F = Levels seen in this place.
 G = Mean time per level.
                   A        B        C        D        E       F      G
               +--------+--------+--------+--------+--------+-----+--------+
         Total |   8999 |   8553 |    446 |   1180 |   6222 |  11 |  818.1 |
       Dungeon |   8999 |   8553 |    446 |   1180 |   6222 |  11 |  818.1 |
               +--------+--------+--------+--------+--------+-----+--------+

Top non-repeatable levels by time:
     D:9: 1214 daAuts
     D:5: 1100 daAuts
     D:3: 1053 daAuts
     D:1: 1028 daAuts
     D:4: 1000 daAuts
     D:7: 931 daAuts
     D:6: 880 daAuts
     D:8: 729 daAuts
     D:2: 694 daAuts
    D:10: 333 daAuts
    D:11: 33 daAuts
